 Dungeon Crawl Stone Soup version 0.22.1-1-ga44c0e56f4 (webtiles) character file.

4725 Peloso the Blocker (level 10, -9/86 HPs)
             Began as a Minotaur Fighter on Sept 28, 2018.
             Was an Elder of Okawaru.
             Mangled by a two-headed ogre
             ... wielding a +0 giant club
              (19 damage)
             ... on level 8 of the Dungeon.
             The game lasted 00:16:04 (7695 turns).

Peloso the Blocker (Minotaur Fighter)               Turns: 7695, Time: 00:16:05

Health: -9/86      AC: 17    Str: 23    XL:     10   Next: 22%
Magic:  9/9        EV:  7    Int:  5    God:    Okawaru [****..]
Gold:   329        SH: 12    Dex: 11    Spells: 9/9 levels left

rFire    . . .     SeeInvis +   a - +0 long sword
rCold    . . .     Gourm    .   c - +0 shield
rNeg     . . .     Faith    +   b - +0 plate armour
rPois    +         Spirit   .   (helmet restricted)
rElec    .         Reflect  .   D - +2 cloak {rPois}
rCorr    .         Harm     .   (no gloves)
MR       .....                  (no boots)
Stlth    ..........             l - amulet of faith
HPRegen  0.24/turn              e - ring of see invisible
MPRegen  0.11/turn              (no ring)

@: no status effects
A: retaliatory headbutt, horns 2
a: Heroism, Renounce Religion


You were on level 8 of the Dungeon.
You worshipped Okawaru.
Okawaru was greatly pleased with you.
You were hungry.

You visited 2 branches of the dungeon, and saw 9 of its levels.

You collected 425 gold pieces.
You spent 96 gold pieces at shops.

Inventory:

Hand Weapons
 a - a +0 long sword (weapon)
Armour
 b - a +0 plate armour (worn)
 c - a +0 shield (worn)
 D - a +2 cloak of poison resistance (worn)
Jewellery
 e - a ring of see invisible (left hand)
 l - an amulet of faith (around neck)
 p - an uncursed amulet of the acrobat
 I - a +4 amulet of reflection
Wands
 u - a wand of random effects (29)
 G - a wand of scattershot (5)
Scrolls
 i - 4 scrolls of magic mapping
 j - a scroll of blinking {unknown}
 o - 3 scrolls of remove curse
 q - 4 scrolls of enchant weapon {unknown}
 r - 3 scrolls of immolation {unknown}
 s - a scroll of identify
 t - 2 scrolls of enchant armour {unknown}
 v - 2 scrolls of amnesia {unknown}
 w - 2 scrolls of fog {unknown}
 x - a scroll of fear {unknown}
 y - a scroll of teleportation {unknown}
 B - a scroll of noise
 C - a scroll of vulnerability {unknown}
 E - 2 scrolls of random uselessness {unknown}
 F - a scroll of acquirement {unknown}
Potions
 d - a potion of might
 g - a potion of lignification {unknown}
 h - a potion of brilliance {unknown}
 k - a potion of flight
 m - a potion of curing
 n - 2 potions of haste
 z - a potion of agility {unknown}
 A - a potion of berserk rage {unknown}
 H - a potion of mutation
 J - a potion of ambrosia {unknown}
Comestibles
 f - 17 rations


   Skills:
 + Level 7.5 Fighting
 + Level 10.6 Long Blades
 + Level 8.4 Armour
 + Level 2.3 Dodging
 + Level 1.1 Stealth
 + Level 10.6 Shields
 + Level 0.2 Invocations


You had 9 spell levels left.
You didn't know any spells.
Your spell library contained the following spells:

 Spells                   Type           Power        Failure   Level  Hunger
 Animate Skeleton         Necr           N/A          100%        1    ##.....
 Apportation              Tloc           #.....       100%        1    ##.....
 Confusing Touch          Hex            #.....       100%        1    ##.....
 Summon Small Mammal      Summ           #...         100%        1    ##.....


Dungeon Overview and Level Annotations

Branches:
Dungeon (8/15)             Temple (1/1) D:6            Lair (0/6) D:8

Altars:
Ashenzari
Cheibriados
Dithmenos
Elyvilon
Fedhas
Gozag
Hepliaklqana
Kikubaaqudgha
Makhleb
Nemelex Xobeh
Okawaru
Qazlal
Ru
Sif Muna
Trog
Uskayaw
Vehumet
Wu Jian
Xom
Yredelemnul
Zin
The Shining One

Shops:
D:8 :!(

Annotations:
D:3 2 runed doors, Shavain's ghost, amateur TrFi


Innate Abilities, Weirdness & Mutations

You reflexively headbutt those who attack you in melee.
You have a pair of horns on your head.


Message History

The two-headed ogre hits you with a giant club!
The two-headed ogre hits you with a giant spiked club!
You hit the two-headed ogre.
The two-headed ogre is heavily wounded.
Your plate armour prevents you from hitting the two-headed ogre.
The two-headed ogre is heavily wounded.
The two-headed ogre hits you with a giant club!
The two-headed ogre hits you with a giant spiked club!
You hit the two-headed ogre.
The two-headed ogre is severely wounded.
The two-headed ogre hits you with a giant club!!
* * * LOW HITPOINT WARNING * * *
The two-headed ogre hits you with a giant spiked club.
* * * LOW HITPOINT WARNING * * *
You hit the two-headed ogre. You headbutt the two-headed ogre!
The two-headed ogre is almost dead.
You hit the two-headed ogre.
The two-headed ogre is almost dead.
The two-headed ogre hits you with a giant club!!
You die...

........###..#.##∩.∩#.##
8...##.......#.##...#.##
## ...
##..........∩.∩...###..#
8
#........##.###.......#
#........##.###†..###.#
#....#........†........
#...........###....##..
.#####....#######
#....##..
.........ZO@..#
#..#.##..
######.#####...#
#..#<.... #.#.# ..#
##.#..... #....Z...:#
.#####...###.
##.#.#.#.##
..........####
#.........#
.............. ..#
#.#.#.#..............##
#.#
.......#...#########.##
... #.#!# ##.. #.#.


You could see a two-headed ogre and a killer bee zombie.

Vanquished Creatures
  A two-headed ogre (D:8)
  An elephant (D:8)
  2 hippogriffs
  A wyvern (D:8)
  Edmund (D:6)
  3 ice beasts
  3 ogres
  A black bear (D:7)
  A sky beast (D:7)
  6 phantoms
  2 crocodiles (D:8)
  4 bullfrogs
  5 killer bees (D:7)
  2 scorpions (D:7)
  2 howler monkeys
  A bullfrog zombie (D:7)
  2 crimson imps
  7 hounds
  2 jellies
  A gnoll shaman (D:4)
  3 orc priests
  A centaur skeleton (D:8)
  3 orc wizards
  Crazy Yiuf (D:6)
  Jessica (D:3)
  An iguana (D:4)
  5 worker ants
  A killer bee zombie (D:8)
  A hound zombie (D:6)
  4 gnolls (D:4)
  A howler monkey skeleton (D:4)
  8 adders
  2 shadow imps
  An ooze (D:4)
  An adder skeleton (D:4)
  4 worms
  A dart slug (D:3)
  4 leopard geckos
  27 orcs
  3 ball pythons
  4 giant cockroaches
  4 goblins
  4 hobgoblins
  6 jackals
  A quokka (D:5)
  8 bats
  3 frilled lizards
  10 kobolds
  A leopard gecko skeleton (D:4)
  5 rats
167 creatures vanquished.

Vanquished Creatures (others)
  An ogre (D:8)
1 creature vanquished.

Grand Total: 168 creatures vanquished

Notes
Turn   | Place    | Note
-------+----------+-------------------------------------------
     0 | D:1      | Peloso the Minotaur Fighter began the quest for the Orb.
     0 | D:1      | Reached XP level 1. HP: 19/19 MP: 0/0
   210 | D:1      | Reached XP level 2. HP: 27/27 MP: 1/1
  1397 | D:2      | Reached XP level 3. HP: 32/33 MP: 2/2
  2044 | D:3      | Reached skill level 1 in Dodging
  2253 | D:3      | Reached XP level 4. HP: 40/40 MP: 3/3
  2308 | D:3      | Reached skill level 5 in Shields
  2659 | D:3      | Reached XP level 5. HP: 46/46 MP: 4/4
  2869 | D:3      | Found a large runed door.
  2869 | D:3      | Found a large runed door.
  2872 | D:3      | Noticed Shavain's ghost (amateur TrFi)
  3029 | D:3      | Noticed Jessica
  3162 | D:3      | Killed Jessica
  3344 | D:3      | Reached XP level 6. HP: 53/53 MP: 5/5
  3547 | D:4      | Reached skill level 5 in Fighting
  3547 | D:4      | Reached XP level 7. HP: 31/61 MP: 6/6
  3884 | D:4      | Reached skill level 5 in Long Blades
  4140 | D:4      | Reached skill level 5 in Armour
  4265 | D:5      | Entered Level 5 of the Dungeon
  4705 | D:6      | Reached skill level 1 in Stealth
  4891 | D:6      | Noticed Edmund
  4914 | D:6      | Killed Edmund
  5020 | D:6      | Reached XP level 8. HP: 64/70 MP: 7/7
  5044 | D:6      | Found a staircase to the Ecumenical Temple.
  5415 | D:6      | Found a runed door.
  5777 | Temple   | Entered the Ecumenical Temple
  5812 | Temple   | Became a worshipper of Warmaster Okawaru
  5913 | D:6      | Noticed Crazy Yiuf
  5916 | D:6      | Killed Crazy Yiuf
  6060 | D:7      | Reached * piety under Okawaru
  6645 | D:7      | Reached ** piety under Okawaru
  6645 | D:7      | Reached XP level 9. HP: 76/77 MP: 8/8
  6977 | D:7      | Found a shattered altar of Ashenzari.
  7014 | D:7      | Reached *** piety under Okawaru
  7139 | D:8      | Found an opulent altar of Gozag.
  7144 | D:8      | Noticed a two-headed ogre
  7152 | D:8      | Killed a two-headed ogre
  7152 | D:8      | Reached **** piety under Okawaru
  7152 | D:8      | Reached skill level 10 in Long Blades
  7152 | D:8      | Reached skill level 10 in Shields
  7172 | D:8      | Found Vehoikiez's Antique Weapon Emporium.
  7193 | D:8      | Found a staircase to the Lair.
  7193 | D:8      | Noticed an elephant
  7221 | D:8      | Killed an elephant
  7221 | D:8      | Reached XP level 10. HP: 60/84 MP: 9/9
  7470 | D:8      | Found Puema's Distillery.
  7478 | D:8      | Bought a potion of mutation for 96 gold pieces
  7522 | D:8      | Found Foetiddo's Book Boutique.
  7673 | D:8      | Noticed a two-headed ogre
  7695 | D:8      | Mangled by a two-headed ogre

Skill      XL: |  1  2  3  4  5  6  7  8  9 10 |
---------------+-------------------------------+-----
Fighting       | 4 5 6 7 |  7.5
Armour         | 4 5 6 8 |  8.4
Shields        | 4 5 6 7 9 10 | 10.6
Dodging        | 1 2 |  2.3
Long Blades    | 3 4 6 8 10 | 10.6
Stealth        | 1 |  1.1
Invocations    | |  0.2

Action                   |  1- 3 |  4- 6 |  7- 9 | 10-12 || total
-------------------------+-------+-------+-------+-------++-------
Melee: Long sword        |   100 |   189 |   365 |    95 ||   749
       Headbutt          |    12 |    36 |    76 |    19 ||   143
Invok: Heroism           |       |       |     1 |       ||     1
  Use: Scroll            |     1 |     5 |       |     1 ||     7
       Potion            |     1 |       |     1 |       ||     2
  Eat: Chunk             |     4 |     5 |     9 |     1 ||    19
       Ration            |       |       |     1 |       ||     1
Armor: Scale mail        |    25 |       |       |       ||    25
       Plate armour      |    40 |    81 |   174 |    37 ||   332
Dodge: Dodged            |    22 |    49 |    63 |    11 ||   145
Block: Shield            |    53 |   106 |   218 |    46 ||   423
       Rpst.: Long sword |     5 |    13 |    15 |     3 ||    36
